 Dungeon Crawl Stone Soup version 0.31.0-1-g2c135a008e (webtiles) character file.

Game seed: 8389795705283390225

1159 qw the Shooter (level 8, 0/58 HPs)
             Began as a Djinni Hunter on Jan 23, 2024.
             Was a Believer of Okawaru.
             Slain by a gnoll
             ... wielding a +0 halberd
             ... led by a gnoll bouda
              (8 damage)
             ... on level 5 of the Dungeon.
             The game lasted 00:00:18 (4390 turns).

qw the Shooter (Djinni Hunter)                      Turns: 4390, Time: 00:00:18

Health: 0/58       AC:  5    Str: 10    XL:     8   Next: 66%
Gold:   229        EV: 14    Int: 10    God:    Okawaru [**....] SH:  0 Dex: 18

rFire   + + +        a - +2 shortbow
rCold   x . .        (shield currently unavailable)
rNeg    . . .        b - +0 troll leather armour {Pargi}
rPois   inf          k - +1 helmet
rElec   .            (no cloak)
rCorr   .            (no gloves)
SInv    .            (boots unavailable)
Will    .....        (no amulet)
Stlth   ++           j - ring of protection from fire
HPRegen 1.09/turn    (no ring)
MPRegen 0.00/turn

%: infuse magic (-1 HP)
@: about to teleport, flying
A: sickness immunity, fire resistance 2, cold vulnerability 1, float, innate
caster, HP casting, extra vitality 1, clumsy 1, deterioration 1
a: Renounce Religion, Heroism


You were on level 5 of the Dungeon.
You worshipped Okawaru.
Okawaru was pleased with you.
You visited 1 branch of the dungeon, and saw 5 of its levels.

You collected 229 gold pieces.


Innate Abilities, Weirdness & Mutations

You are immune to sickness and miasma.
You are immune to poison.
Your flesh is very heat resistant. (rF++)
You are vulnerable to cold. (rC-)
You float through the air rather than walking.
You learn spells naturally, not from books.
Your magical power is your life essence.
You have superior vitality. (+4 MHP)
You are clumsy. (Dex -2)
Your body sometimes deteriorates upon taking damage.


   Skills:
 - Level 4.0 Fighting
 + Level 6.4 Ranged Weapons
 - Level 1.0 Armour
 - Level 5.0 Dodging
 - Level 0.7 Stealth
 - Level 4.0 Invocations


You knew the following spells:

 Your Spells              Type           Power      Damage    Failure   Level
a - Slow                  Hex            0%         N/A       45%         1
b - Static Discharge      Conj/Air       0%         3-3/arc   61%         2
c - Swiftness             Air            0%         N/A       83%         3
Your spell library was empty.

Inventory:

Hand Weapons
 a - a +2 shortbow (weapon)
Armour
 b - a +0 troll leather armour (worn) {Pargi}
 k - a +1 helmet (worn)
Jewellery
 g - a ring of fire
 j - a ring of protection from fire (left hand)
Wands
 f - a wand of mindburst (8)
 m - a wand of roots (2)
Scrolls
 d - 2 scrolls of identify
Potions
 e - 3 potions of curing
 h - 2 potions of heal wounds

Dungeon Overview and Level Annotations

Branches:
Dungeon (5/15)
 Temple: D:4-7

Altars:
Okawaru
Trog
The Shining One

Annotations:
D:2 1 runed translucent door, Crazy Yiuf


Message History

The gnoll bouda prays to its god.
The gnoll bouda is healed somewhat.
You shoot an arrow.
The arrow hits the gnoll bouda but does no damage.
The gnoll bouda is moderately wounded.
The gnoll bouda hits you with a +2 flail of protection! x2
You shoot an arrow.
The arrow hits the gnoll bouda but does no damage.
The gnoll bouda is moderately wounded.
You hear a shout!
The gnoll bouda misses you.
You shoot an arrow.
The arrow hits the gnoll bouda but does no damage.
The gnoll bouda is moderately wounded.
The gnoll bouda hits you with a +2 flail of protection!
A gnoll comes into view.
It is wielding a +0 flail of holy wrath.
You shoot an arrow.
The arrow hits the gnoll bouda but does no damage.
The gnoll bouda is moderately wounded.
A gnoll comes into view. It is wielding a +0 halberd.
The gnoll bouda misses you.
You shoot an arrow. The arrow hits the gnoll bouda!
The gnoll bouda is severely wounded.
The gnoll bouda hits you with a +2 flail of protection!
You shoot an arrow.
The arrow hits the gnoll bouda but does no damage.
The gnoll bouda is severely wounded.
The gnoll hits you from afar with a +0 halberd!
The gnoll closely misses you. The gnoll bouda misses you.
You shoot an arrow.
The arrow barely misses the gnoll bouda.
The arrow hits the gnoll!
The gnoll is almost dead.
The gnoll hits you from afar with a +0 halberd!
The gnoll hits you but does no damage.
4390 ||| READING scroll of teleportation.
As you read the scroll of teleportation, it crumbles to dust.
You feel strangely unstable.
The gnoll hits you from afar with a +0 halberd!
You die...

###### g..#....#
..#....###
........#
##.......#
...#g...#
#.#....##
#.g@g...#
#%.).)..#
.......#.....##
.###########..###
#.....# #.....##
#......##
#.......#
#.....#.##


You could see a gnoll bouda and 2 gnolls.

Vanquished Creatures
  A black bear (D:4)
  Pargi (D:4)
  3 ogres
  A phantom (D:5)
  2 scorpions
  A bombardier beetle (D:5)
  A hound (D:4)
  3 orc priests
  A sleepcap (D:5)
  6 iguanas
  An orc wizard (D:5)
  A river rat (D:4)
  5 adders
  2 gnolls (D:5)
  A white imp (D:5)
  2 ufetubi (D:5)
  3 dart slugs
  A ribbon worm (D:2)
  4 orcs
  4 ball pythons
  7 bats
  9 endoplasms
  5 giant cockroaches
  5 goblins
  4 hobgoblins
  8 jackals (D:1)
  5 kobolds
  3 quokkas
  6 frilled lizards
  3 rats
99 creatures vanquished.

Notes
Turn   | Place    | Note
-------+----------+-------------------------------------------
     0 | D:1      | qw the Djinni Hunter began the quest for the Orb.
     0 | D:1      | Reached XP level 1. HP: 18/18 MP: 0/0
     0 | D:1      | 0 ||| qw: Version: 0.3-a-135-gb77e89d
     0 | D:1      | 0 ||| qw: Game counter: 897
     0 | D:1      | 0 ||| qw: Melee chars always use a shield: true
     0 | D:1      | 0 ||| qw: God list: Okawaru
     0 | D:1      | 0 ||| qw: Allow faded altars: false
     0 | D:1      | 0 ||| qw: Do Orc after clearing Dungeon:15 true
     0 | D:1      | 0 ||| qw: Do second Lair branch before Depths: true
     0 | D:1      | 0 ||| qw: Lair rune preference: random
     0 | D:1      | 0 ||| qw: Goals: Normal
     0 | D:1      | 0 ||| PLANNING D:1-11
    40 | D:1      | HP: 4/18 [jackal (1)]
    42 | D:1      | Reached XP level 2. HP: 6/23 MP: 0/0
   387 | D:1      | Reached XP level 3. HP: 23/28 MP: 0/0
   387 | D:1      | Learned a level 1 spell: Slow
   388 | D:1      | Reached skill level 4 in Ranged Weapons
   843 | D:1      | 843 ||| READING scroll labelled MOWA VUTUTSATHUCO.
   843 | D:1      | 843 ||| IDENTIFYING bubbling blue potion
   844 | D:1      | 844 ||| READING scroll labelled ILA VITWUNEMAS.
   849 | D:1      | 849 ||| READING scroll labelled TISE FOSHA.
   850 | D:1      | 850 ||| DRINKING 2 cyan potions.
   851 | D:1      | 851 ||| DROPPING scroll of butterflies.
   852 | D:1      | 852 ||| DROPPING potion of attraction.
  1203 | D:2      | Found a runed translucent door.
  1204 | D:2      | Noticed Crazy Yiuf
  1289 | D:2      | Reached XP level 4. HP: 34/34 MP: 0/0
  1333 | D:2      | Reached skill level 3 in Fighting
  2026 | D:2      | 2026 ||| UPGRADING to +1 hat.
  2031 | D:2      | 2031 ||| READING scroll labelled QAKKOKHL LUICI.
  2031 | D:2      | 2031 ||| ENCHANTING +0 shortbow.
  2032 | D:2      | 2032 ||| READING scroll labelled ZYGGYU COAJOS.
  2033 | D:2      | 2033 ||| READING 3 scrolls labelled RINUDGHI NYSEF.
  2034 | D:2      | 2034 ||| DRINKING 2 viscous golden potions.
  2139 | D:2      | 2139 ||| DROPPING potion of berserk rage.
  2140 | D:2      | 2140 ||| DROPPING 2 scrolls of immolation.
  2300 | D:3      | Reached skill level 3 in Dodging
  2392 | D:3      | Found an iron altar of Okawaru.
  2393 | D:3      | 2393 ||| PLANNING OKAWARU WORSHIP
  2393 | D:3      | 2393 ||| READING 2 scrolls of identify.
  2393 | D:3      | 2393 ||| IDENTIFYING 2 fuming inky potions
  2401 | D:3      | Became a worshipper of Warmaster Okawaru
  2402 | D:3      | 2402 ||| PLANNING D:1-11
  2459 | D:3      | Reached XP level 5. HP: 40/40 MP: 0/0
  2459 | D:3      | Learned a level 2 spell: Static Discharge
  2932 | D:3      | 2932 ||| UPGRADING to +0 helmet.
  2942 | D:3      | 2942 ||| DROPPING +1 hat.
  2943 | D:3      | 2943 ||| UPGRADING to ring of protection from fire.
  2944 | D:3      | 2944 ||| READING scroll of identify.
  2944 | D:3      | 2944 ||| IDENTIFYING scroll labelled JUODDALISA
  2945 | D:3      | 2945 ||| DROPPING scroll of blinking.
  2966 | D:4      | Noticed an ogre
  2967 | D:4      | 2967 ||| PLANNING SEWER
  2967 | D:4      | 2967 ||| ZAPPING wand of mindburst (15) at -2,0 (ogre;
                  | floor).
  2969 | D:4      | 2969 ||| STAIRDANCE
  2975 | D:3      | Killed an ogre
  2976 | D:3      | Reached XP level 6. HP: 24/46 MP: 0/0
  3113 | D:4      | Found a glowing golden altar of the Shining One.
  3129 | D:4      | Noticed Pargi
  3130 | D:4      | 3130 ||| ZAPPING wand of mindburst (14) at -4,-2 (Pargi;
                  | floor).
  3131 | D:4      | 3131 ||| ZAPPING wand of mindburst (13) at -3,-2 (Pargi;
                  | floor).
  3132 | D:4      | 3132 ||| ZAPPING wand of mindburst (12) at -2,-1 (Pargi;
                  | floor).
  3133 | D:4      | 3133 ||| ZAPPING wand of mindburst (11) at -1,-1 (Pargi;
                  | floor).
  3134 | D:4      | 3134 ||| ZAPPING wand of mindburst (10) at -1,-1 (Pargi;
                  | floor).
  3134 | D:4      | Killed Pargi
  3135 | D:4      | Reached skill level 5 in Ranged Weapons
  3180 | D:4      | 3180 ||| READING scroll of enchant weapon.
  3180 | D:4      | 3180 ||| ENCHANTING +1 shortbow.
  3254 | D:4      | Reached skill level 1 in Armour
  3353 | D:4      | Reached * piety under Okawaru
  3354 | D:4      | Reached XP level 7. HP: 16/52 MP: 0/0
  3354 | D:4      | Learned a level 3 spell: Swiftness
  3487 | D:4      | Found a bloodstained altar of Trog.
  3527 | D:4      | 3527 ||| ZAPPING wand of mindburst (9) at -1,1 (black bear;
                  | floor).
  3528 | D:4      | Reached skill level 1 in Invocations
  3679 | D:4      | 3679 ||| RIP SEWER
  3706 | D:4      | 3706 ||| PLANNING D:1-11
  3749 | D:4      | 3749 ||| FLEEEEING.
  3750 | D:4      | 3750 ||| FLEEEEING.
  3751 | D:4      | 3751 ||| FLEEEEING.
  3752 | D:4      | 3752 ||| STAIRDANCE
  3848 | D:3      | 3848 ||| UPGRADING to +0 troll leather armour {Pargi}.
  3858 | D:3      | 3858 ||| DROPPING +0 leather armour.
  3859 | D:3      | 3859 ||| READING 4 scrolls of identify.
  3859 | D:3      | 3859 ||| IDENTIFYING scroll labelled VAF WAH JUG
  3860 | D:3      | 3860 ||| DROPPING scroll of vulnerability.
  4062 | D:5      | Entered Level 5 of the Dungeon
  4097 | D:5      | Reached ** piety under Okawaru
  4121 | D:5      | Reached XP level 8. HP: 58/58 MP: 0/0
  4130 | D:5      | 4130 ||| FLEEEEING.
  4131 | D:5      | 4131 ||| FLEEEEING.
  4132 | D:5      | 4132 ||| FLEEEEING.
  4161 | D:5      | Reached skill level 3 in Invocations
  4260 | D:5      | Reached skill level 6 in Ranged Weapons
  4278 | D:5      | 4278 ||| FLEEEEING.
  4290 | D:5      | 4290 ||| RETREEEEATING.
  4292 | D:5      | 4292 ||| RETREEEEATING.
  4293 | D:5      | 4293 ||| RETREEEEATING.
  4294 | D:5      | 4294 ||| RETREEEEATING.
  4295 | D:5      | 4295 ||| RETREEEEATING.
  4296 | D:5      | 4296 ||| RETREEEEATING.
  4297 | D:5      | 4297 ||| RETREEEEATING.
  4298 | D:5      | 4298 ||| RETREEEEATING.
  4299 | D:5      | 4299 ||| RETREEEEATING.
  4300 | D:5      | 4300 ||| RETREEEEATING.
  4301 | D:5      | 4301 ||| RETREEEEATING.
  4356 | D:5      | 4356 ||| READING 4 scrolls of identify.
  4356 | D:5      | 4356 ||| IDENTIFYING sedimented brown potion
  4357 | D:5      | 4357 ||| DRINKING potion of mutation.
  4357 | D:5      | Gained mutation: Your body sometimes deteriorates upon
                  | taking damage. [potion of mutation]
  4357 | D:5      | Gained mutation: You are clumsy. (Dex -2) [potion of
                  | mutation]
  4358 | D:5      | 4358 ||| READING 3 scrolls of identify.
  4358 | D:5      | 4358 ||| IDENTIFYING scroll labelled TIPHIV GUYWNALU
  4359 | D:5      | 4359 ||| READING scroll of enchant armour.
  4359 | D:5      | 4359 ||| ENCHANTING +0 helmet.
  4374 | D:5      | 4374 ||| FLEEEEING.
  4389 | D:5      | HP: 7/58 [gnoll/+0 halberd[a gnoll bouda] (13)]
  4390 | D:5      | 4390 ||| READING scroll of teleportation.
  4390 | D:5      | Slain by a gnoll

Levels and vault maps discovered:
D:1:      heliophobic_arrival_ceremonial_halls, layout_loops_ring,
          kennysheep_boxes
D:2:      layout_basic, uniq_crazy_yiuf_cottage
D:3:      layout_basic, lemuel_crystal_altar
D:4:      layout_gridville, lemuel_crystal_altar, trog_book,
          portal_sewer_entry_b, uniq_pargi
D:5:      layout_basic, minmay_ruined_shrine

Skill      XL: |  1  2  3  4  5  6  7  8 |
---------------+-------------------------+-----
Ranged Weapons | 4 5 6 |  6.4
Fighting       | 3 4 |  4.0
Dodging        | 3 4 5 |  5.0
Armour         | 1 |  1.0
Invocations    | 2 4 |  4.0
Stealth        | |  0.7

Action                     |  1- 3 |  4- 6 |  7- 9 || total
---------------------------+-------+-------+-------++-------
   Fire: Shortbow          |    94 |    89 |   167 ||   350
  Evoke: Wand              |       |     6 |     1 ||     7
    Use: Scroll            |     3 |     6 |     5 ||    14
         Potion            |     1 |     1 |     1 ||     3
 Armour: Leather armour    |    41 |    28 |    20 ||    89
         Troll leather arm |       |       |    51 ||    51
  Dodge: Dodged            |    53 |    41 |    84 ||   178

Table legend:
 A = Non-vault XP
 B = Vault XP
 C = Vault XP percentage of total XP
 D = Non-vault monster count
 E = Vault monster count
 F = Vault count percentage of total count
                 A         B        C        D         E       F
            +---------+---------+-------+---------+---------+-------
      Total |    1065 |     592 |  35.7 |      86 |      13 |  13.1
            +---------+---------+-------+---------+---------+-------
        D:1 |      42 |       0 |   0.0 |      24 |       0 |   0.0
        D:2 |      59 |       0 |   0.0 |      14 |       0 |   0.0
        D:3 |     169 |       0 |   0.0 |      20 |       0 |   0.0
        D:4 |     442 |     149 |  25.2 |      16 |       5 |  23.8
        D:5 |     353 |     443 |  55.7 |      12 |       8 |  40.0
            +---------+---------+-------+---------+---------+-------
